 Dungeon Crawl Stone Soup version 0.30-a0-1164-ge08a67761e (webtiles) character file.

Game seed: 7972819143829069345

45 Mickster the Chopper (level 3, 0/33 HPs)
             Began as a Hill Orc Berserker on Apr 29, 2023.
             Was a Believer of Trog.
             Slain by Terence
             ... wielding a +0 hand axe
              (4 damage)
             ... on level 2 of the Dungeon.
             The game lasted 00:07:16 (803 turns).

Mickster the Chopper (Hill Orc Berserker)            Turns: 803, Time: 00:07:16

Health: 0/33       AC:  3    Str: 21    XL:     3   Next: 64%
Magic:  3/3        EV: 11    Int:  7    God:    Trog [**....]
Gold:   152        SH:  0    Dex: 10    Spells: 2/2 levels left

rFire   . . .        a - +0 hand axe
rCold   . . .        (no shield)
rNeg    . . .        d - +0 leather armour
rPois   .            (no helmet)
rElec   .            (no cloak)
rCorr   .            (no gloves)
SInv    .            (no boots)
Will    .....        (no amulet)
Stlth   +            (no ring)
HPRegen 0.25/turn    (no ring)
MPRegen 0.08/turn

%: no passive effects
@: no status effects
A: subdued magic 2
a: Renounce Religion, Berserk, Trog's Hand


You were on level 2 of the Dungeon.
You worshipped Trog.
Trog was pleased with you.
You visited 1 branch of the dungeon, and saw 2 of its levels.

You collected 152 gold pieces.

Inventory:

Hand Weapons
 a - a +0 hand axe (weapon)
Missiles
 c - 10 stones (quivered)
 f - a throwing net
Armour
 b - a +0 animal skin
 d - a +0 leather armour (worn)
Scrolls
 i - 4 scrolls of identify


   Skills:
 + Level 4.2 Fighting
 * Level 5.2 Axes
 + Level 2.3 Armour
 + Level 1.8 Dodging


You had 2 spell levels left.
You didn't know any spells.
Your spell library was empty.

Dungeon Overview and Level Annotations

Branches:
Dungeon (2/15)

Altars:

Annotations:
D:2 Terence


Innate Abilities, Weirdness & Mutations

Your spells are easier to cast, but less powerful.


Message History

You closely miss the giant cockroach.
The giant cockroach is heavily wounded.
You barely miss Terence. Terence hits you with a +0 hand axe.
The giant cockroach closely misses you.
You hit the giant cockroach but do no damage.
The giant cockroach is heavily wounded.
You barely miss Terence. Terence hits you but does no damage.
The giant cockroach misses you.
You hit the giant cockroach.
You kill the giant cockroach!
Trog accepts your kill.
You hit Terence. Terence barely misses you.
Terence hits you with a +0 hand axe.
You hit Terence.
Terence is heavily wounded.
Terence completely misses you.
You closely miss Terence.
Terence is heavily wounded.
Terence hits you with a +0 hand axe.
You slash Terence!
Terence is severely wounded.
Terence hits you with a +0 hand axe.
You hit Terence but do no damage.
Terence is severely wounded.
Terence hits you with a +0 hand axe.
* * * LOW HITPOINT WARNING * * *
You hit Terence.
Terence is almost dead.
Terence hits you with a +0 hand axe.
* * * LOW HITPOINT WARNING * * *
You closely miss Terence.
Terence is almost dead.
Terence closely misses you.
You hit Terence.
Terence is almost dead.
Terence misses you.
You hit Terence but do no damage.
Terence is almost dead.
Terence hits you with a +0 hand axe.
You die...

.. #. ##.## #.##.##...###
...#.#......##
.............# #..........#
... #........# ...
#.#......########
...##.#.@@.......... ##
###.<...####....... ..
........## #..###
#.###......# ###.##.## #
#...#.....####...#...# .##
#....†......#..####'####..#
#...†)...##.#.##.#...#.##.#
#..#.#...###...'..))..'..#.#
#.....##.##
###.##)#...#.##.#


You could see Terence.

Vanquished Creatures
  2 dart slugs
  A bat (D:1)
  3 endoplasms (D:1)
  3 giant cockroaches
  12 goblins
  4 hobgoblins (D:2)
  3 jackals (D:1)
  2 ball pythons
  2 frilled lizards
  A kobold (D:1)
  2 rats (D:1)
35 creatures vanquished.

Notes
Turn   | Place    | Note
-------+----------+-------------------------------------------
     0 | D:1      | Mickster the Hill Orc Berserker began the quest for the
                  | Orb.
     0 | D:1      | Reached XP level 1. HP: 19/19 MP: 1/1
    66 | D:1      | Gained mutation: Your spells are a little easier to cast,
                  | but a little less powerful. [potion of mutation]
    66 | D:1      | Gained mutation: Your spells are easier to cast, but less
                  | powerful. [potion of mutation]
   251 | D:1      | Found a faded altar of an unknown god.
   282 | D:1      | Reached XP level 2. HP: 27/27 MP: 2/2
   652 | D:2      | Reached XP level 3. HP: 33/33 MP: 3/3
   702 | D:2      | Reached ** piety under Trog
   724 | D:2      | Reached skill level 5 in Axes
   783 | D:2      | Noticed Terence
   803 | D:2      | Slain by Terence

Illustrated notes

Levels and vault maps discovered:
D:1:      dpeg_arrival_rhombi, layout_basic, dreamdust_ecumenical_altar_statues
D:2:      cheibrodos_greedy_goblins, layout_loops_ring, nicolae_titane,
          uniq_terence

Skill      XL: |  1  2  3 |
---------------+----------+-----
Fighting       | 4 |  4.2
Axes           | 5 |  5.2
Armour         | |  2.3
Dodging        | |  1.8

Action                     || total
---------------------------++-------
  Melee: Hand axe          ||   108
         Punch             ||     1
  Throw: Throwing net      ||     1
 Invoke: Berserk           ||     1
    Use: Scroll            ||     2
         Potion            ||     4
 Armour: Animal skin       ||     4
         Leather armour    ||    20
  Dodge: Dodged            ||    75

Table legend: (Time is in decaauts)
 A = Elapsed time spent in this place.
 B = Non-inter-level travel time spent in this place.
 C = Inter-level travel time spent in this place.
 D = Time resting spent in this place.
 E = Time spent auto-exploring this place.
 F = Levels seen in this place.
 G = Mean time per level.
                   A        B        C        D        E       F      G
               +--------+--------+--------+--------+--------+-----+--------+
         Total |    801 |    741 |     60 |      0 |      0 |   2 |  400.5 |
       Dungeon |    801 |    741 |     60 |      0 |      0 |   2 |  400.5 |
               +--------+--------+--------+--------+--------+-----+--------+

Top non-repeatable levels by time:
     D:1: 637 daAuts
     D:2: 164 daAuts
